 Dungeon Crawl Stone Soup version 0.23-a0-310-gdcc7a32 (webtiles) character file.

131 iamserjio the Insei (level 5, 16/33 HPs)
             Began as a Kobold Chaos Knight on Oct 12, 2018.
             Was a Plaything of Xom.
             Quit the game on level 4 of the Dungeon.
             The game lasted 00:09:21 (1480 turns).

iamserjio the Insei (Kobold Chaos Knight)           Turns: 1480, Time: 00:09:21

Health: 16/33      AC:  9    Str:  9    XL:     5   Next: 37%
Magic:  5/5        EV: 15    Int: 14    God:    Xom [*.....]
Gold:   127        SH:  0    Dex: 15    Spells: 4/4 levels left

rFire    . . .     SeeInvis .     - Unarmed
rCold    . . .     Gourm    .   (shield restricted)
rNeg     . . .     Faith    .   a - +2 leather armour
rPois    .         Spirit   .   q - +2 helmet
rElec    .         Reflect  .   o - +0 cloak
rCorr    .         Harm     .   (no gloves)
MR       .....                  (no boots)
Stlth    +.........             (no amulet)
HPRegen  0.11/turn              (no ring)
MPRegen  0.09/turn              (no ring)

@: no status effects
A: small, carnivore
a: Renounce Religion


You were on level 4 of the Dungeon.
You worshipped Xom.
You were a special plaything of Xom.
You were completely stuffed.

You visited 1 branch of the dungeon, and saw 4 of its levels.
You visited the Abyss 1 time.

You collected 127 gold pieces.

Inventory:

Hand Weapons
 p - a +0 hunting sling
Missiles
 d - 44 arrows
 k - a throwing net (quivered) {!f}
 l - 41 stones
 s - 7 needles of sleeping
Armour
 a - a +2 leather armour (worn)
 o - a +0 cloak (worn)
 q - a +2 helmet (worn)
Scrolls
 c - a scroll of amnesia {unknown}
 e - 2 scrolls of remove curse {unknown}
 f - a scroll of enchant weapon {unknown}
 h - 4 scrolls of identify {unknown}
 j - a scroll of magic mapping {unknown}
 m - a scroll of blinking {unknown}
 n - 3 scrolls of enchant armour {unknown}
 r - a scroll of teleportation {unknown}
Potions
 g - a potion of berserk rage
 i - a potion of brilliance {unknown}
Comestibles
 b - 5 rations


   Skills:
 + Level 4.2 Fighting
 - Level 0.7 Armour
 + Level 3.6 Dodging
 * Level 4.5 Unarmed Combat


You had 4 spell levels left.
You didn't know any spells.
Your spell library was empty.

Dungeon Overview and Level Annotations

Branches:
Dungeon (4/15)
 Temple: D:4-7

Altars:

Annotations:
D:4 Grinder


Innate Abilities, Weirdness & Mutations

You are small and have problems with some larger weapons.
You are carnivorous and can eat meat at any time.


Message History

Welcome back to the Dungeon!
There is a shaft here.
You fall through a shaft!
The shaft crumbles and collapses.
A hound and 4 orcs come into view.
The orc shouts! x4
Found a mace and a chain mail.
Found a stone staircase leading up.
Grinder comes into view.
Grinder shouts!
You hear a bark!
Grinder gestures at you.
You suddenly lose the ability to move!
The hound bites you. x2
The hound bites you but does no damage.
Grinder says, "DUCK!"
Grinder blinks!
Xom chortles.
The orc's dagger is briefly surrounded by a scintillating aura of random The hound barely misses you.
The hound bites you but does no damage. The hound bites you but does no damage.
You can move again.

.. ...... ..#
...... ## #.#
...5.. #..
#.##...... +..
#.#.....
...#.....
..###.#.o.#
.......oh.##
.⌠#...@#..##
#....##h.#
........###.o..#
#.......# oo.<#
#.......# ....#
........# ..).#
........# ......
#########
....### [o..#


You could see Grinder, a hound and 2 orcs.

Vanquished Creatures
  Robin (D:2)
  4 adders (D:2)
  An ooze (D:2)
  A worm (D:2)
  A dart slug (D:1)
  4 leopard geckos
  2 giant cockroaches (D:2)
  21 goblins
  5 hobgoblins
  2 jackals (D:1)
  11 kobolds
  A quokka (D:2)
  5 bats
  A frilled lizard (D:2)
  9 rats
69 creatures vanquished.

Notes
Turn   | Place    | Note
-------+----------+-------------------------------------------
     0 | D:1      | iamserjio the Kobold Chaos Knight began the quest for the
                  | Orb.
     0 | D:1      | Reached XP level 1. HP: 14/14 MP: 1/1
   179 | D:1      | XOM: potion effect (invisibility)
   186 | D:1      | XOM: butterfly on damage
   188 | D:1      | Reached XP level 2. HP: 12/19 MP: 2/2
   396 | D:1      | XOM: divination: magic mapping
   439 | D:1      | Reached XP level 3. HP: 23/23 MP: 3/3
   711 | D:2      | Reached XP level 4. HP: 29/29 MP: 4/4
   911 | D:2      | Noticed Robin
   935 | D:2      | Reached XP level 5. HP: 29/33 MP: 5/5
   967 | D:2      | XOM: silly message
   998 | D:2      | Killed Robin
  1292 | D:2      | XOM is BORED!
  1292 | D:2      | XOM: harmless Necr miscast
  1357 | D:2      | XOM: harmless Pois miscast
  1406 | D:2      | XOM: mild Tmut miscast
  1469 | D:3      | XOM: severe Summ miscast
  1469 | D:3      | Cast into level 1 of the Abyss (the severe capriciousness
                  | of Xom)
  1469 | D:3      | Escaped the Abyss
  1469 | D:3      | XOM: revert banishment
  1471 | D:3      | You fall through a shaft!
  1473 | D:4      | Noticed Grinder
  1474 | D:4      | Paralysed by Grinder for 6 turns
  1478 | D:4      | XOM: chaos upgrade
  1480 | D:4      | Quit the game

Vault maps used:
D:1:      saegor_arrival_miasma, kennysheep_decorative_pillar,
          minmay_misc_feat_room, minmay_tall_x
D:2:      uniq_robin
D:3:      lemuel_blue_sif_altar
D:4:      evilmike_ruin_ashenzari, minmay_temple_entry_grid, first_ration,
          uniq_pikel, uniq_grinder
Abyss:1:  minivault_20

Skill      XL: |  1  2  3  4 |
---------------+-------------+-----
Dodging        | 3 |  3.6
Unarmed Combat | 4 |  4.5
Fighting       | 4 |  4.2
Armour         | |  0.7

Action                   |  1- 3 |  4- 6 || total
-------------------------+-------+-------++-------
Melee: Unarmed           |   120 |   167 ||   287
       Punch             |     4 |     4 ||     8
  Use: Potion            |     1 |       ||     1
 Stab: Invisible         |     4 |       ||     4
       Sleeping          |     2 |       ||     2
  Eat: Chunk             |     5 |     6 ||    11
Armor: Leather armour    |    24 |    35 ||    59
Dodge: Dodged            |    89 |   111 ||   200

Table legend:
 A = Non-vault XP
 B = Vault XP
 C = Vault XP percentage of total XP
 D = Non-vault monster count
 E = Vault monster count
 F = Vault count percentage of total count
                 A         B        C        D         E       F
            +---------+---------+-------+---------+---------+-------
      Total |     146 |      42 |  22.3 |      53 |      16 |  23.2
            +---------+---------+-------+---------+---------+-------
        D:1 |      45 |       6 |  11.8 |      27 |       4 |  12.9
        D:2 |     100 |      36 |  26.5 |      25 |      12 |  32.4
        D:3 |       1 |       0 |   0.0 |       1 |       0 |   0.0
            +---------+---------+-------+---------+---------+-------
